 Dungeon Crawl Stone Soup version 0.23-a0-402-g64599a1 (webtiles) character file.

436 MisterFreud the Sneak (level 7, -2/55 HPs)
             Began as a Naga Fire Elementalist on Nov 4, 2018.
             Was an Initiate of Cheibriados.
             Slain by Pikel
             ... wielding a +0 whip of electrocution
              (17 damage)
             ... on level 5 of the Dungeon.
             The game lasted 00:14:30 (4075 turns).

MisterFreud the Sneak (Naga Fire Elementalist)      Turns: 4075, Time: 00:14:32

Health: -2/55      AC:  7    Str: 11    XL:     7   Next: 1%
Magic:  1/10       EV: 10    Int: 19    God:    Cheibriados [......]
Gold:   199        SH:  0    Dex: 12    Spells: 2/10 levels left

rFire    . . .     SeeInvis +   f - +1 falchion (protect)
rCold    . . .     Gourm    .   (no shield)
rNeg     . . .     Faith    .   q - +0 robe (curse)
rPois    +         Spirit   .   e - +0 helmet
rElec    .         Reflect  .   (no cloak)
rCorr    +         Harm     .   (no gloves)
MR       .....                  (no barding)
Stlth    +++.......             (no amulet)
HPRegen  0.18/turn              b - ring of resist corrosion
MPRegen  0.12/turn              v - +3 ring of protection

@: short of breath, very slow
A: large, see invisible, deformed body, poison resistance, slowness 2, slow
metabolism 1, spit poison 1, AC +2
a: Spit Poison, Bend Time, Renounce Religion


You were on level 5 of the Dungeon.
You worshipped Cheibriados.
Cheibriados was noncommittal.
You were hungry.

You visited 2 branches of the dungeon, and saw 6 of its levels.

You collected 199 gold pieces.

Inventory:

Hand Weapons
 f - a +1 falchion of protection (weapon)
Missiles
 h - 38 bolts
 i - 23 sling bullets
 j - 77 stones (quivered)
 n - 43 arrows
 o - 10 poisoned needles
 s - 7 javelins
Armour
 a - a +2 scale mail of fire resistance
 e - a +0 helmet (worn)
 q - a cursed +0 robe (worn)
Jewellery
 b - a ring of resist corrosion (left hand)
 v - a +3 ring of protection (right hand)
Scrolls
 m - 2 scrolls of magic mapping {unknown}
 t - 2 scrolls of teleportation
 u - a scroll of amnesia {unknown}
 x - a scroll of remove curse {unknown}
 y - a scroll of enchant armour {unknown}
Potions
 d - 2 potions of might
 g - a potion of brilliance
 k - a potion of curing
 l - 2 potions of flight {unknown}
 p - 4 potions of heal wounds
 r - 2 potions of berserk rage {unknown}
Comestibles
 c - 9 rations


   Skills:
 - Level 1.5 Dodging
 - Level 6.7 Stealth
 - Level 2.0 Spellcasting
 + Level 4.6 Conjurations
 + Level 4.6 Fire Magic


You had 2 spell levels left.
You knew the following spells:

 Your Spells              Type           Power        Failure   Level  Hunger
a - Flame Tongue          Conj/Fire      ###..        2%          1    #......
b - Conjure Flame         Conj/Fire      ###.....     8%          3    ###....
c - Sticky Flame          Conj/Fire      ###.....     26%         4    #####..

Your spell library contained the following spells:

 Spells                   Type           Power        Failure   Level  Hunger
 Throw Flame              Conj/Fire      ###...       3%          2    ###....
 Inner Flame              Hex/Fire       ##......     21%         3    ###....
 Fireball                 Conj/Fire      ###.......   56%         5    ######.


Dungeon Overview and Level Annotations

Branches:
Dungeon (5/15)             Temple (1/1) D:4

Altars:
Ashenzari
Cheibriados
Dithmenos
Elyvilon
Gozag
Kikubaaqudgha
Makhleb
Nemelex Xobeh
Okawaru
Qazlal
Ru
Sif Muna
Trog
Wu Jian
Xom
Yredelemnul
Zin
The Shining One

Annotations:
D:5 Pikel


Innate Abilities, Weirdness & Mutations

You cannot wear boots.
Your serpentine skin is tough. (AC +2)
You have supernaturally acute eyesight. (SInv)
Armour fits poorly on your strangely shaped body.
Your system is resistant to poisons. (rPois)
You cover ground very slowly.
You have a slow metabolism.
You can spit poison.


Message History

Pikel is severely wounded.
Pikel burns!
Pikel stops burning.
Pikel hits you with a +0 whip of electrocution.
You are electrocuted!
You barely miss Pikel.
Pikel is almost dead.
The slave looks more healthy.
Pikel hits you with a +0 whip of electrocution. x2
You aren't carrying any items that you can evoke.
Unknown command.
Unknown command.
Press: ? - help, Shift-Dir - straight line, f/p - Pikel
Aim: Pikel, wielding a +0 whip of electrocution and wearing a +0 robe (almost The splash of poison hits Pikel.
Pikel is poisoned.
Pikel is almost dead.
You feel slightly more hungry.
Pikel hits you with a +0 whip of electrocution.
* * * LOW HITPOINT WARNING * * *
You are electrocuted!
You die...

### #@#
#K# #p#
#p# #p#
#.........
#[........
....#####.
.#.#.#


You could see Pikel and 3 slaves.

Vanquished Creatures
  An ogre (D:3)
  A scorpion (D:4)
  A centaur skeleton (D:4)
  Natasha (thrice) (D:2)
  A worker ant (D:4)
  Robin (D:3)
  3 adders
  An ooze (D:3)
  7 worms
  2 leopard geckos
  4 orcs
  6 bats
  7 giant cockroaches
  12 goblins
  12 hobgoblins
  10 jackals
  7 kobolds
  A quokka (D:4)
  A ball python (D:3)
  5 frilled lizards
  7 rats
93 creatures vanquished.

Vanquished Creatures (others)
  An iguana (D:4)
1 creature vanquished.

Grand Total: 94 creatures vanquished

Notes
Turn   | Place    | Note
-------+----------+-------------------------------------------
     0 | D:1      | MisterFreud the Naga Fire Elementalist began the quest for
                  | the Orb.
     0 | D:1      | Reached XP level 1. HP: 15/15 MP: 3/3
   265 | D:1      | Reached skill level 4 in Stealth
   265 | D:1      | Reached XP level 2. HP: 22/22 MP: 5/5
   715 | D:1      | Reached skill level 5 in Stealth
   949 | D:1      | Reached XP level 3. HP: 20/28 MP: 2/6
  1131 | D:2      | Found a shadowy altar of Dithmenos.
  1368 | D:2      | Noticed Natasha
  1376 | D:2      | Killed Natasha
  1376 | D:2      | Reached skill level 6 in Stealth
  1376 | D:2      | Reached XP level 4. HP: 16/36 MP: 0/7
  1458 | D:2      | Noticed Natasha
  1541 | D:1      | Learned a level 3 spell: Conjure Flame
  1807 | D:2      | Killed Natasha
  1851 | D:2      | Noticed Natasha
  1867 | D:2      | Killed Natasha
  1867 | D:2      | Reached XP level 5. HP: 39/42 MP: 2/8
  2359 | D:3      | Noticed Robin
  2547 | D:3      | Learned a level 4 spell: Sticky Flame
  2653 | D:3      | Noticed an ogre
  2668 | D:3      | Killed an ogre
  2668 | D:3      | Reached XP level 6. HP: 49/49 MP: 3/9
  2913 | D:3      | Killed Robin
  3070 | D:3      | Found a sacrificial altar of Ru.
  3072 | D:3      | Found an ancient bone altar of Kikubaaqudgha.
  3765 | D:4      | Found an iron altar of Okawaru.
  3893 | D:4      | Reached XP level 7. HP: 55/55 MP: 10/10
  4020 | D:4      | Found a staircase to the Ecumenical Temple.
  4026 | Temple   | Entered the Ecumenical Temple
  4034 | Temple   | Became a worshipper of Cheibriados the Contemplative
  4049 | D:5      | Entered Level 5 of the Dungeon
  4063 | D:5      | Noticed Pikel
  4075 | D:5      | Slain by Pikel

Vault maps used:
D:1:      lemuel_arrival_room
D:2:      st_stairs_1, grunt_dithmenos_smoke_and_mirrors, uniq_natasha
D:3:      grunt_temple_overflow_open, uniq_robin
D:4:      kennysheep_okawaru_gauntlet, minmay_temple_entry_hall,
          hangedman_abyss_or_decor_stagger
D:5:      kennysheep_windowed_halls, dancing_weapons_uskayaw, first_ration,
          minmay_guarded_unrand_staff_of_olgreb, uniq_blork_the_orc, uniq_pikel
Temple:   nicolae_temple_no_exploring_needed

Skill      XL: |  1  2  3  4  5  6 |
---------------+-------------------+-----
Stealth        | 4 5 6 |  6.7
Conjurations   | 2 3 4 |  4.6
Fire Magic     | 4 |  4.6
Dodging        | |  1.5
Spellcasting   | |  2.0

Action                   |  1- 3 |  4- 6 |  7- 9 || total
-------------------------+-------+-------+-------++-------
Melee: Hand axe          |     3 |       |       ||     3
       Short sword       |     9 |       |       ||     9
       Falchion          |       |   103 |     1 ||   104
       Dagger            |       |     2 |       ||     2
 Cast: Flame Tongue      |    25 |    51 |     7 ||    83
       Sticky Flame      |       |     2 |     1 ||     3
 Abil: Spit Poison       |    19 |    35 |     4 ||    58
  Use: Scroll            |     3 |     3 |       ||     6
       Potion            |       |     2 |       ||     2
 Stab: Sleeping          |     5 |    11 |       ||    16
  Eat: Chunk             |     2 |    10 |     1 ||    13
Armor: Robe              |    11 |    73 |     1 ||    85
Dodge: Dodged            |    31 |    88 |       ||   119
       Rpst.: Falchion   |       |    26 |       ||    26

Table legend:
 A = Non-vault XP
 B = Vault XP
 C = Vault XP percentage of total XP
 D = Non-vault monster count
 E = Vault monster count
 F = Vault count percentage of total count
                 A         B        C        D         E       F
            +---------+---------+-------+---------+---------+-------
      Total |     544 |      79 |  12.7 |      78 |      16 |  17.0
            +---------+---------+-------+---------+---------+-------
        D:1 |      52 |       0 |   0.0 |      22 |       0 |   0.0
        D:2 |      88 |      47 |  34.8 |      16 |       6 |  27.3
        D:3 |     179 |      32 |  15.2 |      22 |      10 |  31.2
        D:4 |     225 |       0 |   0.0 |      18 |       0 |   0.0
            +---------+---------+-------+---------+---------+-------
